 Dungeon Crawl Stone Soup version 0.15.0-16-gce31824 (webtiles) character file.

154 gigot the Ruffian (level 5, -3/33 HPs)
             Began as a Gargoyle Monk on Sept 6, 2014.
             Was a Believer of Dithmenos.
             Killed from afar by Jessica (10 damage)
             ... with a wand of flame
             ... on Level 3 of the Dungeon.
             The game lasted 00:25:43 (2420 turns).

gigot the Ruffian (Gargoyle Monk)                   Turns: 2420, Time: 00:25:43

HP  -3/33        AC 10     Str 14      XL: 5   Next: 35%
MP   5/5         EV 13     Int 11      God: Dithmenos [**....]
Gold 98          SH  0     Dex 13      Spells:  0 memorised,  4 levels left

rFire  . . .     SeeInvis .       - Unarmed
rCold  + . .     Clarity  .     a - +0 robe
rNeg   + + .     rCorr    .     (no shield)
rPois  +         rRot     +     t - +0 helmet
rElec  +         Spirit   .     l - +2 cloak
SustAb .         Warding  .     (no gloves)
rMut   .         Stasis   .     (no boots)
Gourm  .                        (no amulet)
MR     .....                    k - ring of positive energy
                                i - ring of protection from cold

@: wreathed by umbra, not resistant to hostile enchantments, unstealthy
A: negative energy resistance 1, electricity resistance, unbreathing,
petrification resistance, rot immunity, AC +4
a: Shadow Step, Renounce Religion


You were on level 3 of the Dungeon.
You worshipped Dithmenos.
Dithmenos was pleased with you.
You were not hungry.

You visited 1 branch of the dungeon, and saw 3 of its levels.

You collected 98 gold pieces.

Inventory:

Armour
 a - a +0 robe (worn)
 l - a +2 cloak (worn)
 t - a +0 helmet (worn)
Magical devices
 s - a wand of digging (9)
Comestibles
 b - 4 bread rations
 g - a meat ration
 j - a beef jerky
 o - 3 chunks of gnoll flesh
Scrolls
 c - a scroll of amnesia {unknown}
 d - a scroll of random uselessness {unknown}
 f - a scroll of fog {unknown}
 h - 4 scrolls of identify {unknown}
 r - a scroll of remove curse {unknown}
 u - 3 scrolls of teleportation {unknown}
Jewellery
 i - a ring of protection from cold (left hand)
 k - a ring of positive energy (right hand)
Potions
 e - 3 potions of curing {unknown}
 m - a potion of beneficial mutation {unknown}
 n - a potion of flight {unknown}
 p - a potion of lignification {unknown}
 v - a potion of agility {unknown}


   Skills:
 + Level 4.2 Fighting
 + Level 2.9 Dodging
 + Level 3.6 Stealth
 * Level 5.0 Unarmed Combat


You had 4 spell levels left.
You didn't know any spells.

Dungeon Overview and Level Annotations

Branches:
Dungeon (3/15)

Altars:
Dithmenos
Xom

Annotations:
D:3 Jessica


Innate Abilities, Weirdness & Mutations

You are resistant to torment.
You are immune to poison.
Your stone body is very resilient (AC +4).
You resist negative energy.
You are resistant to electric shocks.
You can survive without breathing.
You are immune to petrification.
You are immune to rotting.


Message History

You hit the orc.
You kill the orc!
Dithmenos accepts your kill. Jessica casts a spell at you.
You barely resist. Jessica casts a spell at you. Pain shoots through your body!
An orc comes into view. It is wielding a club.
Jessica points at you and mumbles some strange words.
You resist.
Jessica zaps a wand.
The puff of flame hits you!
You barely miss Jessica.
Jessica mumbles something strange.
Jessica zaps a wand.
The puff of flame hits you!
You hit Jessica.
Jessica is moderately wounded.
Jessica hits you with a glowing dagger.
* * * LOW HITPOINT WARNING * * *
Jessica zaps a wand.
The puff of flame hits you!
You die...

### ##.... #...o# #..#.##
#####.....###
.#.......#...#
...........#.# #########
........@#.##.###..<.....
........@?........######.
.........................
.......%%.........######.
...........##...)......#.
..[....##.##..##.####.#.
##.###. #.##..##># #...
#. .. ......##.######.
##. #.......#....... #.
#.#...##.#######


You could see Jessica and an orc.

Vanquished Creatures
  An iguana (D:3)
  Terence (D:2)
  An adder (D:3)
  4 gnolls (D:3)
  A giant mite (D:3)
  2 worms (D:2)
  2 giant geckos
  An ooze (D:3)
  2 orcs (D:3)
  8 bats
  A giant cockroach (D:2)
  5 hobgoblins
  4 kobolds
  A quokka (D:3)
  2 giant newts
  10 goblins
  6 rats
52 creatures vanquished.

Notes
Turn   | Place    | Note
--------------------------------------------------------------
     0 | D:1      | gigot, the Gargoyle Monk, began the quest for the Orb.
     0 | D:1      | Reached XP level 1. HP: 14/14 MP: 1/1
   252 | D:1      | Reached XP level 2. HP: 12/20 MP: 2/2
   885 | D:2      | Reached XP level 3. HP: 22/24 MP: 3/3
   945 | D:2      | Noticed Terence
   966 | D:2      | Killed Terence
  1386 | D:2      | Found a shadowy altar of Dithmenos.
  1402 | D:2      | Became a worshipper of Dithmenos the Shadowed
  1402 | D:2      | Acquired Dithmenos' first power
  1584 | D:2      | Reached XP level 4. HP: 27/29 MP: 4/4
  1720 | D:3      | Found a shimmering altar of Xom.
  2320 | D:3      | Reached XP level 5. HP: 28/33 MP: 5/5
  2398 | D:3      | Reached skill level 5 in Unarmed Combat
  2409 | D:3      | Noticed Jessica
  2420 | D:3      | Killed from afar by Jessica

Action                   |  1- 3 |  4- 6 || total
-------------------------+-------+-------++-------
Melee: Unarmed           |   114 |    98 ||   212
Evoke: Wand              |       |     1 ||     1
 Stab: Sleeping          |     5 |       ||     5
       Distracted        |     1 |       ||     1
  Eat: Chunk             |     1 |     4 ||     5
